AoeStats
← Cien Ojos

Black Forest

505347217Analyzed
1v1 RM · 24d ago on Sep 9, 2026· 44m 20s· 2 players
Game mode
Random Map
Map size
Tiny (2 player)
Population
200
Speed
Normal
Resources
Standard
Victory
Conquest
Starting age
Dark Age
Ending age
Imperial Age
RankedLock teamsTeams togetherTeam positionsShared explorationLock speedFull tech treeHidden civsTurbo modeCheats
Victory
Defeat
🇦🇷 Sicilians · Argentina
1126
+17
🇺🇸 Turks · United States
1143
-17
Cien Ojos
8:47 Loom
11:17 Feudal Age
11:26 Feudal Age
11:32 Feudal Age
12:49 Double-Bit Axe
17:04 Castle Age
15:34 Horse Collar
20:42 Bow Saw
22:42 Wheelbarrow
22:30 Heavy Plow
22:37 Heavy Plow
23:27 Stone Mining
23:47 Town Watch
24:02 Gold Mining
25:44 Gold Shaft Mining
25:47 Stone Shaft Mining
26:47 Hand Cart
27:12 Ballistics
26:48 Murder Holes
27:32 Town Patrol
30:55 Imperial Age
29:49 Fletching
30:00 Padded Archer Armor
31:12 Town Patrol
31:48 Forging
31:44 Scale Barding Armor
31:54 Leather Archer Armor
31:35 Bodkin Arrow
31:43 Scale Mail Armor
32:09 Conscription
31:14 Elite Serjeant
32:30 Squires
32:16 Arson
32:16 Gambesons
31:57 Heavy Scorpion
33:22 Crop Rotation
33:12 Husbandry
33:23 Bloodlines
32:52 Elite Skirmisher
34:34 Iron Casting
34:19 Chain Barding Armor
33:23 Cavalier
35:58 Hauberk
35:23 Light Cavalry
37:35 Chemistry
36:43 Siege Engineers
36:08 Onager
38:34 Plate Barding Armor
38:59 Blast Furnace
38:01 Bracer
GardyStrix
2:12 Loom
11:37 Feudal Age
13:16 Wheelbarrow
12:29 Double-Bit Axe
12:41 Gold Mining
13:24 Town Watch
15:52 Horse Collar
17:27 Fletching
18:10 Stone Mining
22:15 Castle Age
22:04 Padded Archer Armor
22:16 Forging
22:12 Scale Barding Armor
22:08 Scale Mail Armor
23:33 Hand Cart
23:55 Gold Shaft Mining
24:02 Husbandry
28:40 Heavy Plow
30:35 Bow Saw
30:54 Town Patrol
31:23 Bodkin Arrow
31:57 Masonry
31:58 Fortified Wall
36:10 Imperial Age
33:43 Murder Holes
34:23 Leather Archer Armor
34:34 Ballistics
34:06 Guard Tower
34:15 Treadmill Crane
35:27 Bloodlines
35:59 Devotion
36:56 Bracer
37:28 Ring Archer Armor
37:23 Conscription
37:06 Artillery
37:59 Architecture
37:53 Bombard Tower
38:09 Keep
37:22 Arrowslits
37:56 Elite Janissary
39:37 Hoardings
39:02 Heavy Camel Rider
40:20 Chain Mail Armor
40:40 Iron Casting
42:56 Plate Mail Armor
45:14 Blast Furnace
44:35 Chain Barding Armor
Connection lost

Rejoining the realm…

Still unreachable

The connection could not be restored.

Session expired

The server has moved on; the page needs a fresh start.